 Dungeon Crawl Stone Soup version 0.20.1-1-g8b1a95d (webtiles) character file.

314 rrRat the Cudgeler (level 6, -4/55 HPs)
             Began as a Draconian Berserker on Nov 7, 2017.
             Was a Priest of Trog.
             Blown up by Ijyb (18 damage)
             ... with a wand of disintegration (?/24)
             ... on level 3 of the Dungeon.
             The game lasted 00:12:42 (2777 turns).

rrRat the Cudgeler (Draconian Berserker)            Turns: 2777, Time: 00:12:42

Health: -4/55      AC:  6    Str: 22    XL:     6   Next: 19%
Magic:  6/6        EV: 13    Int:  7    God:    Trog [***...]
Gold:   142        SH:  0    Dex: 10    Spells: 5/5 levels left

rFire    + . .     SeeInvis .   p - +0 falchion (elec)
rCold    . . .     Gourm    .   (no shield)
rNeg     . . .     Faith    .   (armour unavailable)
rPois    .         Spirit   .   (helmet restricted)
rElec    .         Reflect  .   (no cloak)
rCorr    .         Harm     .   (no gloves)
MR       .....                  (no boots)
Stlth    +.........             (no amulet)
Regen    0.2/turn               n - ring of protection from fire
MPRegen  0.1/turn               (no ring)

@: no status effects
A: unfitting armour, cold-blooded, AC +6
a: Berserk, Trog's Hand, Burn Spellbooks, Renounce Religion


You were on level 3 of the Dungeon.
You worshipped Trog.
Trog was most pleased with you.
You were not hungry.

You visited 1 branch of the dungeon, and saw 3 of its levels.

You collected 142 gold pieces.

Inventory:

Hand Weapons
 p - a +0 falchion of electrocution (weapon)
Missiles
 a - 4 tomahawks (quivered)
Jewellery
 n - a ring of protection from fire (left hand)
Scrolls
 d - 2 scrolls of fear
 h - a scroll of teleportation
 k - 2 scrolls of remove curse
Potions
 f - a potion of agility {unknown}
 g - a potion of heal wounds {unknown}
 j - a potion of flight {unknown}
 l - a potion of haste {unknown}
Comestibles
 b - 3 bread rations
 c - 2 meat rations
 i - a royal jelly
 m - a chunk of flesh


   Skills:
 * Level 4.8 Fighting
 * Level 1.0 Long Blades
   Level 5.0 Maces & Flails
 + Level 3.9 Dodging
 + Level 1.1 Stealth


You had 5 spell levels left.
You didn't know any spells.

Dungeon Overview and Level Annotations

Branches:
Dungeon (3/15)

Altars:
Ashenzari
Zin

Annotations:
D:3 Ijyb


Innate Abilities, Weirdness & Mutations

Your plain brown scales are hard. (AC +6)
You cannot fit into any form of body armour.
You are cold-blooded and may be slowed by cold attacks.


Message History

Ijyb is lightly wounded.
Ijyb hits you with a club.
* * * LOW HITPOINT WARNING * * *
You hit Ijyb. Lightning courses through Ijyb!
Ijyb is almost dead.
Ijyb hits you but does no damage.
You barely miss Ijyb.
Ijyb is almost dead.
Ijyb screams, "Level is mine!
All mine!"
Ijyb barely misses you.
You hit Ijyb but do no damage.
Your tail-slap misses Ijyb.
Ijyb is almost dead.
Ijyb hits you but does no damage.
You hit Ijyb but do no damage.
Ijyb is almost dead.
Ijyb hits you but does no damage.
You closely miss Ijyb.
Ijyb is almost dead.
Ijyb zaps a wand.
You are blasted!
You die...

###.# ##.....## ##.#.#
##.......## #
##....###......<..####$..#
#......)).........))..o..#
##....###.........####.?(#
##.#.# ##.......## # ###.#
#go{....## ##.###g##...##
####...##@###+##
#.........# #.#
#.#.#####.# #.#
#.........###.##
#...#####.##...##
#.........#.....#####
#...#####.#..........
#.#.......#.#.#######
#...#####...#.#


You could see Ijyb, an orc and a hobgoblin.

Vanquished Creatures
  Jessica (D:2)
  Natasha (thrice) (D:2 D:3)
  3 orc wizards (D:3)
  4 adders
  An ooze (D:3)
  2 worms (D:3)
  4 leopard geckos
  10 orcs (D:3)
  8 giant cockroaches
  7 goblins
  4 hobgoblins
  8 jackals
  A quokka (D:2)
  5 bats
  4 frilled lizards
  5 kobolds
  6 rats
76 creatures vanquished.

Notes
Turn   | Place    | Note
-------+----------+-------------------------------------------
     0 | D:1      | rrRat the Draconian Berserker began the quest for the Orb.
     0 | D:1      | Reached XP level 1. HP: 19/19 MP: 1/1
   382 | D:1      | Reached XP level 2. HP: 16/26 MP: 2/2
  1084 | D:2      | Reached XP level 3. HP: 30/33 MP: 3/3
  1162 | D:2      | Found a shattered altar of Ashenzari.
  1165 | D:2      | Noticed Jessica
  1166 | D:2      | Reached ** piety under Trog
  1190 | D:2      | Killed Jessica
  1222 | D:2      | Noticed Natasha
  1231 | D:2      | Killed Natasha
  1231 | D:2      | Reached skill level 4 in Maces & Flails
  1231 | D:2      | Reached XP level 4. HP: 21/40 MP: 4/4
  1463 | D:2      | Noticed Natasha
  1471 | D:2      | Killed Natasha
  1576 | D:2      | Reached XP level 5. HP: 44/46 MP: 5/5
  2225 | D:3      | Noticed Natasha
  2232 | D:3      | Killed Natasha
  2435 | D:3      | Found a glowing silver altar of Zin.
  2655 | D:3      | Reached *** piety under Trog
  2682 | D:3      | Reached skill level 5 in Maces & Flails
  2742 | D:3      | Noticed Ijyb
  2746 | D:3      | Reached skill level 1 in Stealth
  2746 | D:3      | Reached XP level 6. HP: 18/53 MP: 6/6
  2770 | D:3      | Reached skill level 1 in Long Blades
  2777 | D:3      | Blown up by Ijyb

Skill      XL: |  1  2  3  4  5  6 |
---------------+-------------------+-----
Dodging        | 3 |  3.9
Fighting       | 4 |  4.8
Maces & Flails | 4 5 |  5.0
Stealth        | 1 |  1.1
Long Blades    | 1 |  1.0

Action                   |  1- 3 |  4- 6 || total
-------------------------+-------+-------++-------
Melee: Mace              |    81 |    72 ||   153
       Tailslap          |     8 |    20 ||    28
       Morningstar       |       |    60 ||    60
       Falchion          |       |    27 ||    27
  Use: Scroll            |       |     9 ||     9
       Potion            |       |     2 ||     2
 Stab: Sleeping          |       |     2 ||     2
  Eat: Chunk             |     1 |     5 ||     6
Armor: Skin              |    25 |    53 ||    78
Dodge: Dodged            |    80 |   109 ||   189
       Rpst.: Falchion   |       |     6 ||     6
